 Dungeon Crawl Stone Soup version 0.22-a0-348-gd16d139 (webtiles) character file.

2659 zero the Covert (level 9, -1/44 HPs)
             Began as a Spriggan Enchanter on Apr 9, 2018.
             Engulfed by a steam dragon's steam (8 damage)
             ... on level 8 of the Dungeon.
             The game lasted 00:11:38 (6256 turns).

zero the Covert (Spriggan Enchanter)                Turns: 6256, Time: 00:11:39

Health: -1/44      AC:  3    Str:  4    XL:     9   Next: 36%
Magic:  0/16       EV: 25    Int: 16    God:
Gold:   304        SH:  0    Dex: 20    Spells: 11/16 levels left

rFire    . . .     SeeInvis +   a - +1 dagger
rCold    . . .     Gourm    .   (shield restricted)
rNeg     + . .     Faith    .   b - +1 robe
rPois    .         Spirit   .   (helmet restricted)
rElec    .         Reflect  .   (no cloak)
rCorr    .         Harm     .   (gloves unavailable)
MR       +....                  (boots unavailable)
Stlth    +++++.....             (no amulet)
HPRegen  0.14/turn              i - ring of wizardry
MPRegen  0.15/turn              e - ring of positive energy

@: very quick
A: very small, unfitting armour, see invisible, herbivore, speed 3, slow
metabolism 2
a: no special abilities


You were on level 8 of the Dungeon.
You were hungry.

You visited 2 branches of the dungeon, and saw 10 of its levels.

You collected 304 gold pieces.

Inventory:

Hand Weapons
 a - a +1 dagger (weapon)
Armour
 b - a +1 robe (worn)
Magical Staves
 l - an uncursed staff of poison
Jewellery
 e - a ring of positive energy (right hand)
 i - a ring of wizardry (left hand)
Scrolls
 k - a scroll of remove curse
 n - 2 scrolls of identify
Potions
 c - a potion of lignification
 f - a potion of berserk rage
 g - a potion of curing
 h - a potion of heal wounds
 j - 2 potions of might
 o - a potion of agility
Comestibles
 d - 4 rations


   Skills:
 - Level 3.0 Fighting
 + Level 6.7 Short Blades
 - Level 8.1 Dodging
 + Level 10.3 Stealth
 - Level 4.4 Spellcasting
 - Level 8.1 Hexes


You had 11 spell levels left.
You knew the following spells:

 Your Spells              Type           Power        Failure   Level  Hunger
b - Ensorcelled Hibernat  Hex/Ice        ###...       1%          2    ##.....
c - Confuse               Hex            ####....     1%          3    ###....


Dungeon Overview and Level Annotations

Branches:
Dungeon (9/15)               Lair (1/6) D:8
 Temple: D:4-7          Orc: D:9-12

Altars:
Elyvilon
Gozag
Wu Jian

Annotations:
D:3 Ijustatesigmund's ghost, amateur NaFi
D:8 Arum's ghost, journeyman FoFi


Innate Abilities, Weirdness & Mutations

You are very small and have problems with some larger weapons.
You are too small for most types of armour.
You have supernaturally acute eyesight. (SInv)
You are a herbivore.
You cover ground extremely quickly.
You need to consume almost no food.


Message History

The ball of steam hits you!
* * * LOW HITPOINT WARNING * * *
The kobold is engulfed in a cloud of scalding steam.
The kobold dies!
You are engulfed in a cloud of scalding steam.
You see here a kobold corpse.
Casting: Ensorcelled Hibernation (safe; 1% risk of failure)
Confirm with . or Enter, or press ? or * to list all spells.
Aiming: Ensorcelled Hibernation (safe; 1% risk of failure)
Press: ? - help, Shift-Dir - straight line, f - steam dragon
Aim: a steam dragon (catching its breath, chance to defeat MR: 47%)
Okay, then.
Casting: Ensorcelled Hibernation (safe; 1% risk of failure)
Confirm with . or Enter, or press ? or * to list all spells.
Aiming: Confuse (safe; 1% risk of failure)
Press: ? - help, Shift-Dir - straight line, f - steam dragon
Aim: a steam dragon (catching its breath, chance to defeat MR: 58%)
The steam dragon appears confused.
You are engulfed in a cloud of scalding steam.
You die...

#.........> #.......... .
#.....###.. ..
###########.....####'
...##.....(...#..........
.................#.........
..........§§#....#.........
...........#....#.........
#..##+##@####.##..####..#
.##..##.##§####.##.o#######
.........!Dh.#.y...........
.............'.............
.............#.............
.............#.............
.##.....###'###............
#.....##...##y...........
+...........##...####.##.#


You could see a steam dragon (confused) and a jackal.

Vanquished Creatures
  A komodo dragon (Lair:1)
  Prince Ribbit (D:8)
  The ghost of GameOver the Sneak, an amateur NaWz (D:5)
  Grinder (D:4)
  An orc warrior (D:7)
  A sky beast (D:7)
  2 ogres
  A phantom (D:7)
  3 centaurs
  2 bullfrogs (D:7)
  A wyvern zombie (D:8)
  A water moccasin zombie (D:5)
  3 scorpions
  7 killer bees
  2 hounds (D:5)
  An orc priest (D:5)
  A centaur skeleton (D:7)
  4 worker ants
  4 orc wizards
  A howler monkey zombie (D:5)
  5 adders
  2 shadow imps (D:5)
  A dart slug (D:1)
  3 leopard geckos
  10 orcs
  3 giant cockroaches
  3 goblins
  3 hobgoblins
  2 jackals (D:8)
  2 quokkas (D:7)
  A ball python (D:1)
  4 bats
  3 frilled lizards (D:1)
  A jackal zombie (D:5)
  3 kobolds (D:1)
  A quokka skeleton (D:5)
  3 rats (D:2)
89 creatures vanquished.

Vanquished Creatures (others)
  An orc wizard (D:8)
  2 kobolds (D:8)
3 creatures vanquished.

Grand Total: 92 creatures vanquished

Notes
Turn   | Place    | Note
-------+----------+-------------------------------------------
     0 | D:1      | zero the Spriggan Enchanter began the quest for the Orb.
     0 | D:1      | Reached XP level 1. HP: 9/9 MP: 5/5
   213 | D:1      | Reached XP level 2. HP: 2/13 MP: 4/6
   217 | D:1      | Learned a level 2 spell: Ensorcelled Hibernation
   614 | D:1      | Reached skill level 5 in Stealth
  1475 | D:3      | Noticed Ijustatesigmund's ghost (amateur NaFi)
  1696 | D:4      | Reached XP level 3. HP: 9/16 MP: 8/8
  1827 | D:4      | Noticed Grinder
  1837 | D:4      | Killed Grinder
  1837 | D:4      | Reached skill level 7 in Stealth
  1837 | D:4      | Reached XP level 4. HP: 7/21 MP: 9/9
  1837 | D:4      | Reached XP level 5. HP: 8/24 MP: 10/10
  1842 | D:4      | Learned a level 3 spell: Confuse
  2032 | D:5      | Entered Level 5 of the Dungeon
  2149 | D:5      | Reached skill level 8 in Stealth
  2149 | D:5      | Reached XP level 6. HP: 28/28 MP: 11/11
  2233 | D:5      | Reached skill level 5 in Short Blades
  2497 | D:5      | Noticed GameOver's ghost (amateur NaWz)
  2516 | D:5      | Killed GameOver's ghost
  2516 | D:5      | Reached skill level 5 in Hexes
  2516 | D:5      | Reached XP level 7. HP: 6/32 MP: 5/14
  2796 | D:5      | Found a white marble altar of Elyvilon.
  2974 | D:5      | Found an opulent altar of Gozag.
  3515 | D:7      | Found an ornate altar of the Wu Jian Council.
  3752 | D:7      | Reached XP level 8. HP: 27/36 MP: 8/15
  4015 | D:7      | Reached skill level 1 in Fighting
  4076 | D:8      | Noticed Arum's ghost (journeyman FoFi)
  4539 | D:7      | Reached skill level 5 in Dodging
  6038 | D:8      | Found a staircase to the Lair.
  6048 | Lair:1   | Entered Level 1 of the Lair of Beasts
  6048 | Lair:1   | Noticed a komodo dragon
  6053 | Lair:1   | Killed a komodo dragon
  6053 | Lair:1   | Reached skill level 9 in Stealth
  6053 | Lair:1   | Reached XP level 9. HP: 44/44 MP: 16/16
  6072 | D:8      | Noticed Prince Ribbit
  6074 | D:8      | Killed Prince Ribbit
  6220 | D:8      | Reached skill level 10 in Stealth
  6256 | D:8      | Engulfed by a steam dragon's steam

Vault maps used:
D:1:      dpeg_arrival_tiny_a, corexii_leaking_fountain
D:3:      first_ration
D:4:      grunt_temple_overflow_cloverleaf, minmay_temple_entry_water_ring,
          serial_shops, shop, uniq_grinder
D:5:      nicolae_gozag_cash_rules_everything_around_me, elyvilon_altar_4
D:6:      black_bear_nest_1, yredelemnul_altar_generic, st_stairs_10
D:7:      kennysheep_mini_moat
D:8:      lair_entry_dummy, uniq_prince_ribbit1
D:9:      amethyst_overflow_temple_binary,
          kennysheep_orc_monster_closet_entryway, serial_shops, kennysheep_mini,
          hangedman_little_slice_of_home
Lair:1:   beast_lair_carwin_7, uniq_joseph

Skill      XL: |  1  2  3  4  5  6  7  8  9 |
---------------+----------------------------+-----
Stealth        | 5 7 8 9 10 | 10.3
Short Blades   | 2 4 5 6 |  6.7
Spellcasting   | 4 |  4.4
Hexes          | 5 8 |  8.1
Fighting       | 3 |  3.0
Dodging        | 8 |  8.1

Action                   |  1- 3 |  4- 6 |  7- 9 || total
-------------------------+-------+-------+-------++-------
Melee: Dagger            |   120 |    38 |   164 ||   322
 Cast: Corona            |     1 |       |       ||     1
       Ensorcelled Hiber |     2 |     5 |    62 ||    69
       Confuse           |       |     3 |     9 ||    12
  Use: Scroll            |     5 |       |    11 ||    16
       Potion            |       |       |     5 ||     5
 Stab: Sleeping          |     9 |     7 |    39 ||    55
       Confused          |       |     4 |     4 ||     8
       Distracted        |       |     1 |       ||     1
  Eat: Ration            |       |       |     3 ||     3
Armor: Robe              |     7 |     2 |     8 ||    17
Dodge: Dodged            |    76 |    16 |   157 ||   249

Table legend:
 A = Spawn XP
 B = Non-spawn XP
 C = Spawn XP percentage of total XP
 D = Spawn monster count
 E = Non-spawn monster count
 F = Spawn count percentage of total count
 G = Total turns spent on level
                    A         B        C        D         E        F      G
               +---------+---------+-------+---------+---------+-------+---------
         Total |       0 |    3799 |   0.0 |       0 |      89 |   0.0 |  6256
               +---------+---------+-------+---------+---------+-------+---------
           D:1 |       0 |      21 |   0.0 |       0 |      13 |   0.0 |  1063
           D:2 |       0 |       7 |   0.0 |       0 |       5 |   0.0 |   386
           D:3 |       0 |      12 |   0.0 |       0 |       6 |   0.0 |   238
           D:4 |       0 |     273 |   0.0 |       0 |       3 |   0.0 |   362
           D:5 |       0 |     846 |   0.0 |       0 |      23 |   0.0 |  1330
           D:6 |       0 |      72 |   0.0 |       0 |       1 |   0.0 |   120
           D:7 |       0 |    1109 |   0.0 |       0 |      22 |   0.0 |  2095
           D:8 |       0 |    1116 |   0.0 |       0 |      15 |   0.0 |   641
        Lair:1 |       0 |     343 |   0.0 |       0 |       1 |   0.0 |    11
               +---------+---------+-------+---------+---------+-------+---------
